 Dungeon Crawl Stone Soup version 0.28-a0-381-g937acc2988 (webtiles) character file.

Game seed: 8630869723431695428

314985 Anno the Impaler (level 20, -1/182 HPs)
             Began as a Minotaur Gladiator on Sept 2, 2021.
             Was the Champion of Okawaru.
             Slain by Boris (9 damage)
             ... on level 4 of the Vaults.
             The game lasted 02:39:29 (50237 turns).

Anno the Impaler (Minotaur Gladiator)              Turns: 50237, Time: 02:39:29

Health: -1/182     AC: 34    Str: 28    XL:     20   Next: 50%
Magic:  28/28      EV:  8    Int:  6    God:    Okawaru [******]
Gold:   707        SH:  0    Dex: 18    Spells: 12/19 levels left

rFire   + + .      SeeInvis +   a - +5 scythe "Finisher" {speed, eviscerate}
rCold   + + .      Faith    .   (shield currently unavailable)
rNeg    . . .      Spirit   .   F - +9 scales of the Dragon King {rPois rF+ rC+ Will+}
rPois   +          Reflect  .   c - +0 mask of the Dragon {Will+ Slay+3 SInv}
rElec   .          Harm     .   E - scarf {+Inv}
rCorr   .          Rampage  .   g - +1 pair of gloves {Stlth+}
Will    +++..                   (no boots)
Stlth   ..........              e - amulet "Caon" {Acrobat Dex+3 Slay+5}
HPRegen 0.40/turn               O - +4 ring of slaying
MPRegen 0.21/turn               X - ring of protection from cold

@: studying 2 skills
A: horns 2, retaliatory headbutt, hooves 1, agile 1, fire resistance 1, strong 1
}: 2/15 runes: barnacled, gossamer
a: Renounce Religion, Evoke Invisibility, Heroism, Finesse, Duel


You were on level 4 of the Vaults.
You worshipped Okawaru.
Okawaru was exalted by your worship.
You visited 8 branches of the dungeon, and saw 37 of its levels.

You collected 4431 gold pieces.
You spent 3724 gold pieces at shops.

Inventory:

Hand Weapons
 a - the +5 scythe "Finisher" (weapon) {speed, eviscerate}
   (You found it on level 8 of the Dungeon)

   Attacks with this weapon are significantly faster.
   It may eviscerate those it strikes, slaying them instantly, with a decreasing
   chance against stronger foes.
 b - the +8 glaive of the Guard {elec, spectral, AC+5}
   (You found it on level 6 of the Dungeon)

   It occasionally discharges a powerful burst of electricity upon striking a
   foe.
   When it strikes, its spirit leaps out and fights alongside the wielder.
   AC:        It affects your AC (+5).
 n - a +2 vampiric bardiche
 L - the +5 glaive of Peniuc {vorpal, +Blink rF- rN++ Str+2}
   (Okawaru gifted it to you on level 3 of the Shoals)

   It inflicts extra damage upon your enemies.
   Str:       It affects your strength (+2).
   rF:        It makes you vulnerable to fire.
   rN:        It greatly protects you from negative energy.
   +Blink:    It lets you blink.
Missiles
 d - 12 throwing nets
 j - 59 javelins (quivered)
 k - 22 silver javelins
 o - 4 curare-tipped darts
 P - 9 atropa-tipped darts
Armour
 c - the +0 mask of the Dragon (worn) {Will+ Slay+3 SInv}
   (You found it on level 2 of the Spider Nest)

   Slay:      It affects your accuracy & damage with ranged weapons and melee
   (+3).
   SInv:      It lets you see invisible.
   Will:      It increases your willpower.
 g - a +1 pair of gloves of stealth (worn)
 E - a scarf of invisibility (worn)
 F - the +9 scales of the Dragon King (worn) {rPois rF+ rC+ Will+}
   (You bought it in a shop on level 6 of the Dungeon)

   rF:        It protects you from fire.
   rC:        It protects you from cold.
   rPois:     It protects you from poison.
   Will:      It increases your willpower.
Jewellery
 e - the amulet "Caon" (around neck) {Acrobat Dex+3 Slay+5}
   (You acquired it on level 3 of the Spider Nest)

   [amulet of the acrobat]

   It increases your evasion while moving and waiting.
   Dex:       It affects your dexterity (+3).
   Slay:      It affects your accuracy & damage with ranged weapons and melee
   (+5).
 f - a ring of flight
 h - a ring of resist corrosion
 r - a ring of protection from fire
 A - the ring "Ehut" {Wiz Int+6}
   (You took it off a merfolk on level 2 of the Shoals)

   [ring of wizardry]

   It improves your spell success rate.
   Int:       It affects your intelligence (+6).
 O - a +4 ring of slaying (left hand)
 X - a ring of protection from cold (right hand)
Wands
 m - a wand of iceblast (47)
 q - a wand of polymorph (15)
 s - a wand of flame (76)
 R - a wand of acid (30)
 U - a wand of paralysis (7)
Scrolls
 x - 23 scrolls of teleportation
 y - a scroll of blinking
 z - 10 scrolls of fog
 B - 5 scrolls of vulnerability
 D - 6 scrolls of enchant armour
 G - 7 scrolls of identify
 H - a scroll of amnesia
 J - 2 scrolls of silence
 Q - 9 scrolls of enchant weapon
 S - 5 scrolls of holy word
 T - 3 scrolls of brand weapon
 V - 2 scrolls of magic mapping
 W - 11 scrolls of fear
 Z - 4 scrolls of immolation
Potions
 i - 4 potions of attraction
 l - 2 potions of berserk rage
 p - 3 potions of resistance
 t - 5 potions of lignification
 u - 5 potions of haste
 v - 4 potions of might
 C - 3 potions of ambrosia
 K - 5 potions of heal wounds
 N - 10 potions of curing
 Y - 4 potions of invisibility
Miscellaneous
 w - a piece from Xom's chessboard (15/15)
 I - a phial of floods
 M - a condenser vane


   Skills:
 + Level 16.6 Fighting
 - Level 13.0 Maces & Flails
 * Level 20.0 Polearms
 - Level 14.3 Throwing
 + Level 18.9 Armour
 - Level 3.2 Dodging
 - Level 1.3 Stealth
 - Level 12.1 Translocations
 * Level 13.1 Invocations
 * Level 1.4 Evocations


You had 12 spell levels left.
You knew the following spells:

 Your Spells              Type           Power      Damage    Failure   Level
a - Blink                 Tloc           N/A        N/A       7%          2
b - Manifold Assault      Tloc           14%        N/A       77%         5

Your spell library contained the following spells:

 Spells                   Type           Power      Damage    Failure   Level
 Iskenderun's Mystic Bla  Conj/Tloc      7%         2d4       99%         4
 Pain                     Necr           0%         1d4       100%        1
 Sting                    Tmut/Pois      0%         1d3       100%        1
 Corpse Rot               Necr/Air       N/A        N/A       100%        2
 Poisonous Vapours        Pois/Air       0%         N/A       100%        2
 Slow                     Hex            0%         N/A       100%        2
 Confusing Touch          Hex            0%         N/A       100%        3
 Dazzling Flash           Conj/Hex       0%         N/A       100%        3
 Vampiric Draining        Necr           0%         2d6       100%        3
 Leda's Liquefaction      Hex/Erth       0%         N/A       100%        4
 Olgreb's Toxic Radiance  Pois           0%         N/A       100%        4
 Agony                    Necr           0%         N/A       100%        5
 Bolt of Magma            Conj/Fire/Erth 0%         4d4       100%        5
 Freezing Cloud           Conj/Ice/Air   0%         6-21      100%        5
 Silence                  Hex/Air        0%         N/A       100%        5
 Yara's Violent Unravell  Hex/Tmut       0%         3d3       100%        5
 Dispersal                Tloc           7%         N/A       100%        6
 Eringya's Noxious Bog    Tmut/Pois      0%         N/A       100%        6
 Starburst                Conj/Fire      0%         6d3       100%        6
 Statue Form              Tmut/Erth      0%         N/A       100%        6
 Orb of Destruction       Conj           0%         N/A       100%        7
 Ozocubu's Refrigeration  Ice            0%         4d5       100%        7
 Storm Form               Tmut/Air       0%         N/A       100%        7
 Disjunction              Tloc           7%         N/A       100%        8
 Ignition                 Fire           0%         3d3       100%        8
 Animate Skeleton         Necr           Unusable   N/A       N/A         1
 Summon Guardian Golem    Hex/Summ       Unusable   N/A       N/A         3
 Summon Forest            Summ/Tloc      Unusable   N/A       N/A         5
 Spellforged Servitor     Conj/Summ      Unusable   N/A       N/A         7
 Summon Hydra             Summ           Unusable   N/A       N/A         7

Dungeon Overview and Level Annotations

Branches:
Dungeon (15/15)            Temple (1/1) D:7            Lair (6/6) D:8
 Shoals (4/4) Lair:2       Spider (4/4) Lair:4        Slime (0/5) Lair:6
    Orc (2/2) D:10            Elf (0/3) Orc:2        Vaults (4/5) D:14
  Crypt (0/3) Vaults:3     Depths (1/5) D:15

Altars:
Ashenzari
Cheibriados
Dithmenos
Elyvilon
Fedhas
Gozag
Hepliaklqana
Kikubaaqudgha
Makhleb
Okawaru
Qazlal
Ru
Sif Muna
Trog
Uskayaw
Vehumet
Xom
Yredelemnul
Zin
The Shining One

Shops:
D:6 [   D:7 ?(*   Orc:2 *(([   Vaults:1 *   Vaults:3 ([:*

Annotations:
D:3 2 transporters
D:14 Urug
Shoals:2 2 transporters, ardl's ghost, adept DjSu
Vaults:4 Boris


Innate Abilities, Weirdness & Mutations

You have a pair of horns on your head.
You reflexively headbutt those who attack you in melee.
You have large cloven feet.
You are agile. (Dex +2)
Your flesh is heat resistant. (rF+)
Your muscles are strong. (Str +2)


Message History

Anything else - Cancel.
You shout for attention!
You close the door, pushing everything out of the way.
You start resting.
Something unseen opens the door.
You start resting.
Boris is nearby!
You close the door.
You start resting.
Something unseen opens the door.
You start resting.
Boris is nearby!
You barely miss Boris. You kick Boris, but do no damage.
You headbutt Boris, but do no damage. Boris hits you but does no damage.
Boris touches you.
You slash Boris! Your kick misses Boris. You headbutt Boris, but do no damage.
Boris is lightly damaged.
Boris points at you and mumbles some strange words.
The iron shot hits you!!
You hit Boris. You kick Boris, but do no damage.
You headbutt Boris, but do no damage.
Boris is lightly damaged.
You slice Boris!! You kick Boris, but do no damage.
Boris is moderately damaged.
Boris hits you but does no damage. Boris touches you but does no damage.
You closely miss Boris. Your kick misses Boris.
Boris is moderately damaged.
Boris gestures at you while chanting. The iron shot hits you!!
* * * LOW HITPOINT WARNING * * *
You barely miss Boris. You kick Boris, but do no damage.
Boris is moderately damaged.
You hit Boris. You kick Boris.
Boris is moderately damaged.
Boris conjures an orb of pure magic.
The wavering orb of destruction weakly hits you!!!
* * * LOW HITPOINT WARNING * * *
You slash Boris! You kick Boris. You headbutt Boris!
Boris is heavily damaged.
Boris hits you!
You die...

..# #........ ..#
#....############
..#
#....#..........#
..#
#....#..........#
..#
#....#..........#
###
#....#..........#
#...(#[.........#
#...)L†.........#
#....#@.........#
#....############
#............
#............
+............
#............
#............
#............
#............


You could see Boris.

Vanquished Creatures
  Boris (Vaults:3)
  Jory (Vaults:4)
  Mlioglotl (Spider:2)
  A sphinx (Vaults:2)
  Kirke (Shoals:3)
  A tengu reaver (Vaults:3)
  Ilsuiw (Shoals:2)
  Roxanne (D:15)
  10 vault wardens
  A fire giant (Vaults:1)
  4 ghost moths
  8 emperor scorpions
  12 very ugly things
  11 ironbound preservers
  A stone giant (Vaults:2)
  A war gargoyle (Vaults:2)
  Nessos (D:14)
  7 dire elephants
  A vampire knight (Arena)
  7 entropy weavers
  Azrael (D:13)
  Snorg (D:12)
  5 merfolk javelineers
  An eidolon (Vaults:3)
  4 spark wasps
  A crystal guardian (Vaults:2)
  An ettin (D:15)
  7 merfolk impalers
  Josephine (D:12)
  A deep elf high priest (Vaults:3)
  4 great orbs of eyes
  3 boulder beetles
  2 yaktaur captains (Vaults:2)
  A rakshasa (D:15)
  4 ironbound thunderhulks
  Fannar (D:11)
  10 hydras
  2 vault guards (Vaults:3)
  A peacekeeper (Vaults:2)
  2 ogre magi
  6 ironbound frosthearts
  2 catoblepae
  4 two-headed ogres
  8 merfolk aquamancers
  17 centaur warriors
  2 death knights
  3 merfolk avatars
  Erica (D:8)
  3 satyrs
  2 tengu warriors (D:15)
  An orc high priest (Orc:2)
  10 ironbound beastmasters
  Sonja (D:11)
  A skeletal warrior (D:8)
  13 sea snakes
  33 deep trolls
  A swamp dragon (shapeshifter) (Vaults:3)
  8 wizards
  13 ironbound convokers
  Pikel (D:8)
  A harpy (shapeshifter) (D:15)
  An orc knight (Orc:2)
  A phantasmal warrior (Vaults:3)
  24 harpies
  22 orb spiders
  10 lindwurms
  A deep elf pyromancer (D:13)
  32 ugly things
  6 cyclopes
  22 wolf spiders
  16 manticores
  19 fauns
  5 orc sorcerers (Orc:2)
  4 black mambas
  8 elephants
  A moth of wrath (Spider:2)
  An ice statue (D:10)
  10 merfolk sirens
  3 water nymphs
  A torpor snail (Spider:2)
  A water nymph (shapeshifter) (D:14)
  13 vault sentinels
  A gargoyle (D:12)
  16 cane toads
  4 rime drakes (Lair:4)
  2 unseen horrors
  3 freezing wraiths
  31 yaktaurs
  4 komodo dragons
  An efreet (D:14)
  36 merfolk
  A troll (shapeshifter) (D:15)
  A queen bee (shapeshifter) (Arena)
  10 demonic crawlers
  3 meliai (D:14)
  7 wind drakes
  9 trolls
  32 jumping spiders
  5 polar bears
  8 hornets
  Grinder (D:3)
  27 blink frogs
  10 slime creatures
  A meliai zombie (D:10)
  13 snapping turtles
  13 dream sheep
  15 spriggans (Lair:6)
  Sigmund (D:4)
  16 water elementals
  35 tarantellas
  74 redbacks
  A redback (shapeshifter) (D:15)
  4 fire bats (D:12)
  A shadow (D:12)
  A vampire (D:13)
  22 yaks
  22 humans
  5 wyverns
  9 wraiths
  2 fire elementals (D:13)
  7 vampire mosquitoes (D:13)
  3 basilisks
  Grum (D:8)
  4 steam dragons
  5 wargs
  Edmund (D:4)
  14 water moccasins
  4 hell hounds
  An acid dragon (D:10)
  A swamp drake (D:10)
  3 ice beasts
  23 orc warriors
  2 sky beasts
  6 black bears
  27 wolves
  5 ogres
  8 boggarts
  14 centaurs
  5 bullfrogs
  Blork the orc (D:4)
  A gnoll sergeant (D:10)
  A water moccasin skeleton (D:5)
  7 killer bees
  3 wights (D:8)
  3 electric eels
  A howler monkey (D:5)
  4 jellies
  2 lava snakes (D:12)
  4 centaur zombies
  3 hounds
  A centaur skeleton (D:7)
  21 orc priests
  2 bullfrog skeletons
  An iron imp (D:7)
  A gnoll shaman (D:4)
  Jessica (D:1)
  5 iguanas
  Terence (D:3)
  Natasha (thrice) (D:2)
  40 orc wizards
  A scorpion zombie (D:5)
  A hound zombie (D:5)
  2 howler monkey zombies
  Robin (D:2)
  12 gnolls
  4 adders
  3 white imps
  An ufetubus (Vaults:4)
  A dart slug (D:2)
  59 orcs
  7 ball pythons
  8 endoplasms
  A giant cockroach (D:3)
  18 goblins
  9 hobgoblins
  6 jackals
  6 kobolds
  5 quokkas
  8 bats
  5 frilled lizards
  5 rats
  A butterfly (D:3)
  2 fire vortices (D:12)
1310 creatures vanquished.

Vanquished Creatures (others)
  Boris (Vaults:2)
  A hell hound (D:13)
  A fire vortex (D:12)
  21 fungi
  110 plants
  4 toadstools (D:6)
138 creatures vanquished.

Grand Total: 1448 creatures vanquished

Notes
Turn   | Place    | Note
-------+----------+-------------------------------------------
     0 | D:1      | Anno the Minotaur Gladiator began the quest for the Orb.
     0 | D:1      | Reached XP level 1. HP: 18/18 MP: 0/0
   276 | D:1      | Reached XP level 2. HP: 25/25 MP: 1/1
  1291 | D:2      | Noticed Jessica
  1293 | D:2      | Reached skill level 5 in Maces & Flails
  1293 | D:2      | Reached XP level 3. HP: 30/30 MP: 2/2
  1309 | D:1      | Killed Jessica
  1426 | D:2      | Reached XP level 4. HP: 34/38 MP: 3/3
  1958 | D:2      | Noticed Robin
  1979 | D:2      | Gained mutation: Your flesh is heat resistant. (rF+)
                  | [potion of mutation]
  1979 | D:2      | Gained mutation: You are agile. (Dex +2) [potion of
                  | mutation]
  1979 | D:2      | Gained mutation: You are occasionally teleported next to
                  | monsters. [potion of mutation]
  1979 | D:2      | Gained mutation: Your mind is acute. (Int +2) [potion of
                  | mutation]
  1987 | D:2      | Killed Robin
  2274 | D:2      | Found a faded altar of an unknown god.
  2378 | D:2      | Noticed Natasha
  2381 | D:2      | Killed Natasha
  2382 | D:2      | Reached XP level 5. HP: 42/45 MP: 4/4
  2493 | D:2      | Noticed Natasha
  2499 | D:2      | Killed Natasha
  2623 | D:2      | Noticed an ogre
  2697 | D:2      | Noticed Natasha
  2698 | D:2      | Killed Natasha
  2835 | D:3      | Noticed Grinder
  2844 | D:3      | Paralysed by Grinder for 6 turns
  2853 | D:3      | Killed Grinder
  2854 | D:3      | Reached XP level 6. HP: 40/53 MP: 5/5
  2856 | D:3      | Lost mutation: Your mind is acute. (Int +2) [potion of
                  | mutation]
  2856 | D:3      | Lost mutation: You are occasionally teleported next to
                  | monsters. [potion of mutation]
  2856 | D:3      | Gained mutation: Your muscles are strong. (Str +2) [potion
                  | of mutation]
  2856 | D:3      | Gained mutation: You have large cloven feet. [potion of
                  | mutation]
  2930 | D:3      | Identified the +4 halberd "Restruicsi" {venom, *Corrode
                  | rPois Int+8}
  2951 | D:3      | Noticed Terence
  2956 | D:3      | Killed Terence
  3015 | D:3      | Found a shimmering altar of Xom.
  3170 | D:3      | Found a transporter.
  3175 | D:3      | Found a transporter.
  3513 | D:3      | Reached XP level 7. HP: 60/60 MP: 6/6
  3688 | D:4      | Found a shadowy altar of Dithmenos.
  3935 | D:4      | Noticed Edmund
  3942 | D:4      | Killed Edmund
  3943 | D:4      | Reached skill level 5 in Fighting
  4203 | D:4      | Noticed Sigmund
  4209 | D:4      | Killed Sigmund
  4210 | D:4      | Reached skill level 10 in Maces & Flails
  4366 | D:4      | Noticed Blork the orc
  4370 | D:4      | Killed Blork the orc
  4490 | D:4      | Reached XP level 8. HP: 68/70 MP: 7/7
  4665 | D:5      | Entered Level 5 of the Dungeon
  5117 | D:6      | Found the +8 glaive of the Guard {elec, spectral, AC+5}
  5322 | D:6      | Found Ojaim's Antique Armour Shoppe.
  5563 | D:6      | Reached XP level 9. HP: 78/79 MP: 8/8
  5720 | D:6      | Found an opulent altar of Gozag.
  5877 | D:6      | You fall into a shaft and drop 2 floors!
  5997 | D:8      | Found a staircase to the Lair.
  6001 | D:8      | Reached skill level 1 in Polearms
  6076 | D:7      | Found Exkogoag's Antique Weapon Boutique.
  6112 | D:7      | Reached skill level 2 in Polearms
  6522 | D:6      | Found a hazy altar of Hepliaklqana.
  6716 | D:7      | Found a staircase to the Ecumenical Temple.
  6725 | Temple   | Entered the Ecumenical Temple
  6850 | D:7      | Reached skill level 3 in Polearms
  7037 | D:7      | Found Noder's Magic Scroll Shoppe.
  7144 | D:7      | Bought a scroll of blinking for 105 gold pieces
  7190 | D:7      | Found a snail-covered altar of Cheibriados.
  7250 | D:7      | Found Menis's General Store.
  7660 | D:8      | Noticed Erica
  7662 | D:8      | Killed Erica
  7663 | D:8      | Reached skill level 5 in Polearms
  7738 | D:8      | Noticed Pikel
  7746 | D:8      | Killed Pikel
  7747 | D:8      | Reached skill level 10 in Fighting
  7747 | D:8      | Reached skill level 6 in Polearms
  7747 | D:8      | Reached XP level 10. HP: 93/93 MP: 9/9
  7763 | D:8      | Reached skill level 7 in Polearms
  7797 | D:8      | Noticed a skeletal warrior
  7805 | D:8      | Killed a skeletal warrior
  7806 | D:8      | Reached skill level 8 in Polearms
  8114 | D:8      | Found the +5 scythe "Finisher" {speed, eviscerate}
  8225 | D:8      | Reached skill level 1 in Armour
  8227 | D:8      | Noticed Grum
  8229 | D:8      | Killed Grum
  8271 | D:8      | Reached skill level 9 in Polearms
  8451 | D:8      | You fall into a shaft and drop 2 floors!
  8451 | D:10     | Entered Level 10 of the Dungeon
  8670 | D:9      | Found a stormy altar of Qazlal.
  9260 | D:9      | Found an iron altar of Okawaru.
  9266 | D:9      | Became a worshipper of Warmaster Okawaru
  9652 | D:10     | Reached skill level 10 in Polearms
  9688 | D:10     | Found a glowing silver altar of Zin.
  9886 | D:10     | Found an ancient bone altar of Kikubaaqudgha.
 10046 | D:10     | Noticed an ice statue
 10050 | D:10     | Killed an ice statue
 10051 | D:10     | Reached XP level 11. HP: 77/102 MP: 10/10
 10189 | D:10     | Reached * piety under Okawaru
 10304 | D:10     | Found a bloodstained altar of Trog.
 10398 | D:10     | Found a staircase to the Orcish Mines.
 10918 | Lair:1   | Entered Level 1 of the Lair of Beasts
 11050 | Lair:1   | Reached skill level 11 in Polearms
 11447 | Lair:1   | Reached ** piety under Okawaru
 12099 | Lair:2   | Reached skill level 5 in Armour
 12270 | Lair:2   | Reached skill level 12 in Polearms
 12479 | Lair:2   | Reached *** piety under Okawaru
 12735 | Lair:2   | Found a staircase to the Shoals.
 13027 | Lair:3   | Noticed an eight-headed hydra
 13033 | Lair:3   | Killed a four-headed hydra
 13360 | Lair:3   | Reached **** piety under Okawaru
 13378 | Lair:3   | Reached skill level 13 in Polearms
 13426 | Lair:3   | Reached XP level 12. HP: 108/112 MP: 11/11
 13465 | Lair:3   | Identified the +9 dagger of Fury {freeze, Fragile rPois
                  | Will- SInv}
 13582 | Lair:3   | Reached skill level 1 in Invocations
 13584 | Lair:3   | Reached ***** piety under Okawaru
 13751 | Lair:3   | Noticed a catoblepas
 13758 | Lair:3   | Killed a catoblepas
 14349 | Lair:4   | Noticed an eight-headed hydra
 14352 | Lair:4   | Received a gift from Okawaru
 14358 | Lair:4   | Killed a six-headed hydra
 14407 | Lair:4   | Found a hole to the Spider Nest.
 14410 | Lair:4   | Reached skill level 14 in Polearms
 14448 | Lair:4   | Received a gift from Okawaru
 14513 | Lair:4   | Noticed a four-headed hydra
 14518 | Lair:4   | Killed a two-headed hydra
 14562 | Lair:4   | Reached ****** piety under Okawaru
 14868 | Lair:4   | Identified the +11 halberd "Qegoang" {flame, Drain Will+++
                  | Dex+5} (Okawaru gifted it to you on level 4 of the Lair of
                  | Beasts)
 14868 | Lair:4   | Received a gift from Okawaru
 15108 | Lair:4   | Reached skill level 15 in Polearms
 15108 | Lair:4   | Reached XP level 13. HP: 97/119 MP: 14/14
 15627 | Lair:5   | Reached skill level 10 in Armour
 15629 | Lair:5   | Received a gift from Okawaru
 16533 | Lair:6   | Entered Level 6 of the Lair of Beasts
 16594 | Lair:6   | Received a gift from Okawaru
 16923 | Lair:6   | Received a gift from Okawaru
 17067 | Lair:6   | Reached skill level 16 in Polearms
 17651 | Lair:6   | Learned a level 2 spell: Blink
 17657 | Lair:6   | Learned a level 5 spell: Manifold Assault
 17783 | Lair:6   | Reached skill level 5 in Throwing
 18169 | Lair:6   | Found a staircase to the Slime Pits.
 18608 | Lair:6   | Identified a scroll of acquirement
 18616 | Lair:6   | Acquired a manual of Throwing
 18811 | Orc:1    | Entered Level 1 of the Orcish Mines
 18836 | Orc:2    | Entered Level 2 of the Orcish Mines
 18836 | Orc:2    | Found a staircase to the Elven Halls.
 18904 | Orc:2    | Received a gift from Okawaru
 18962 | Orc:2    | Reached XP level 14. HP: 121/129 MP: 16/16
 19031 | Orc:2    | Reached skill level 17 in Polearms
 19270 | Orc:2    | Found Xemyucw's Antique Weapon Boutique.
 19270 | Orc:2    | Found Eceemav's Assorted Antiques.
 19271 | Orc:2    | Found Exegra's Weapon Shop.
 19275 | Orc:2    | Found Wokaurch's Armour Boutique.
 20593 | Orc:1    | Reached skill level 5 in Invocations
 21270 | D:11     | Noticed Sonja
 21281 | D:11     | Killed Sonja
 21680 | D:11     | Received a gift from Okawaru
 21998 | D:11     | Noticed Fannar
 22008 | D:11     | Killed Fannar
 22301 | D:12     | Received a gift from Okawaru
 22311 | D:12     | Noticed Snorg
 22319 | D:12     | Killed Snorg
 22372 | D:12     | Noticed Josephine
 22377 | D:12     | Killed Josephine
 22974 | D:13     | Reached skill level 18 in Polearms
 23167 | D:13     | Noticed Azrael
 23176 | D:13     | Killed Azrael
 24413 | D:14     | Noticed Nessos
 24413 | D:14     | Noticed Urug
 24413 | D:14     | Found a gate to the Vaults.
 24420 | Arena    | Entered the Arena
 24963 | D:14     | Killed Nessos
 25162 | D:14     | Received a gift from Okawaru
 25414 | D:14     | Reached XP level 15. HP: 101/139 MP: 18/18
 26177 | Shoals:1 | Entered Level 1 of the Shoals
 26316 | Shoals:1 | Reached skill level 1 in Stealth
 26635 | Shoals:1 | Acquired 444 gold pieces
 27545 | Shoals:2 | Reached skill level 19 in Polearms
 28188 | Arena    | Entered the Arena
 28211 | Shoals:2 | Identified the +0 crystal plate armour of Zoym {Will+
                  | Stlth+} (Okawaru gifted it to you on level 2 of the Shoals)
 28211 | Shoals:2 | Received a gift from Okawaru
 28267 | Shoals:2 | Found a transporter.
 28267 | Shoals:2 | Found a transporter.
 28268 | Shoals:2 | Noticed ardl's ghost (adept DjSu)
 28473 | Shoals:2 | Identified the ring "Ehut" {Wiz Int+6}
 28631 | Shoals:2 | Reached skill level 10 in Throwing
 29590 | Shoals:3 | Noticed Kirke
 29595 | Shoals:3 | Killed Kirke
 29596 | Shoals:3 | Reached skill level 15 in Fighting
 29603 | Shoals:3 | Noticed Ilsuiw
 29754 | Shoals:2 | Killed Ilsuiw
 30489 | Shoals:3 | Found a runed translucent door.
 30595 | Shoals:3 | Reached XP level 16. HP: 149/149 MP: 20/20
 30597 | Shoals:3 | Identified the +5 glaive of Peniuc {vorpal, +Blink rF- rN++
                  | Str+2} (Okawaru gifted it to you on level 3 of the Shoals)
 30597 | Shoals:3 | Received a gift from Okawaru
 31727 | Shoals:4 | Entered Level 4 of the Shoals
 31859 | Shoals:4 | Received a gift from Okawaru
 31869 | Arena    | Entered the Arena
 32481 | Shoals:4 | Received a gift from Okawaru
 32482 | Shoals:4 | Reached skill level 20 in Polearms
 32557 | Shoals:4 | Received a gift from Okawaru
 32972 | Shoals:4 | Reached skill level 1 in Translocations
 33159 | Shoals:4 | Received a gift from Okawaru
 33164 | Shoals:4 | Identified the +6 dagger "Ciddesan" {drain, Dex+4}
 33339 | Shoals:4 | HP: 7/151 [poisoned by a merfolk impaler]
 33344 | Shoals:4 | HP: 3/151 [poisoned by a merfolk impaler]
 33349 | Shoals:4 | Got a barnacled rune of Zot
 33822 | Shoals:4 | Found the +8 Vampire's Tooth {vamp}
 33829 | Shoals:4 | Reached skill level 15 in Armour
 34015 | Shoals:4 | Identified the +10 triple crossbow of the Skies Above
                  | {speed, SInv} (Okawaru gifted it to you on level 4 of the
                  | Shoals)
 34015 | Shoals:4 | Received a gift from Okawaru
 34289 | Spider:1 | Entered Level 1 of the Spider Nest
 34937 | Spider:1 | Reached XP level 17. HP: 158/158 MP: 22/22
 35523 | Spider:1 | Received a gift from Okawaru
 36478 | Spider:2 | Noticed Mlioglotl
 36488 | Spider:2 | Killed Mlioglotl
 37010 | Spider:2 | Found the +0 mask of the Dragon {Will+ Slay+3 SInv}
 37632 | Spider:3 | Received a gift from Okawaru
 37633 | Spider:3 | Reached skill level 5 in Translocations
 37796 | Spider:3 | Acquired the amulet "Caon" {Acrobat Dex+3 Slay+5}
 38352 | Spider:4 | Entered Level 4 of the Spider Nest
 38983 | Spider:4 | Reached skill level 10 in Invocations
 39740 | Spider:4 | Reached XP level 18. HP: 126/168 MP: 24/24
 40081 | Spider:4 | Received a gift from Okawaru
 40482 | Spider:4 | Got a gossamer rune of Zot
 40785 | D:15     | Entered Level 15 of the Dungeon
 40785 | D:15     | Noticed Roxanne
 40794 | D:15     | Killed Roxanne
 41629 | D:15     | Found a staircase to the Depths.
 42712 | D:6      | Bought the +9 scales of the Dragon King {rPois rF+ rC+
                  | Will+} for 3619 gold pieces
 42712 | D:6      | Found the +9 scales of the Dragon King {rPois rF+ rC+
                  | Will+}
 42887 | Depths:1 | Entered Level 1 of the Depths
 42933 | Vaults:1 | Entered Level 1 of the Vaults
 43743 | Vaults:1 | Found Ruetrops's General Store.
 44298 | Vaults:1 | Received a gift from Okawaru
 44525 | Vaults:2 | Received a gift from Okawaru
 44619 | Vaults:2 | Reached XP level 19. HP: 174/174 MP: 26/26
 45001 | Vaults:2 | Received a gift from Okawaru
 45584 | Vaults:2 | Noticed Boris
 45599 | Vaults:2 | Killed Boris
 45600 | Vaults:2 | Reached skill level 10 in Translocations
 45738 | Vaults:2 | Received a gift from Okawaru
 46297 | Vaults:3 | Found Bepteon's Book Shop.
 47527 | Vaults:3 | Found Ceuluif's Antique Weapon Shop.
 47804 | Vaults:3 | Received a gift from Okawaru
 47809 | Vaults:3 | Reached XP level 20. HP: 165/182 MP: 28/28
 47845 | Vaults:3 | Noticed Boris
 47851 | Vaults:3 | Killed Boris
 48226 | Arena    | Entered the Arena
 48930 | Vaults:3 | Received a gift from Okawaru
 49282 | Vaults:3 | Found a staircase to the Crypt.
 49317 | Vaults:3 | Found Otamp's Antique Armour Emporium.
 49465 | Vaults:3 | Found Ujiut's Assorted Antiques.
 50150 | Vaults:4 | Noticed Jory
 50171 | Vaults:4 | Killed Jory
 50172 | Vaults:4 | Reached skill level 1 in Evocations
 50189 | Vaults:4 | Acquired a manual of Invocations
 50219 | Vaults:4 | Noticed Boris
 50236 | Vaults:4 | HP: 8/182 [disintegration (41)]
 50237 | Vaults:4 | Slain by Boris

Illustrated notes

Levels and vault maps discovered:
D:1:      amcnicky_arrival_feature_with_door, layout_loops_corners,
          serial_bayou_pond_c, grunt_decor_mini_mirrors
D:2:      layout_loops_ring, basic_ecumenical_altar, lightli_corner_chamber,
          uniq_robin, uniq_natasha, uniq_jessica
D:3:      layout_loops_ring, xom_butterflies, gammafunk_ghost_gnarly_gnolls,
          minmay_misc_feat_pillars, chequers_serial_rivers_room_b, uniq_terence,
          uniq_grinder
D:4:      layout_loops_ring, grunt_dithmenos_smoke_and_mirrors,
          chequers_serial_rivers_large_a, bh_walls_and_bars, uniq_blork_the_orc,
          uniq_edmund, uniq_sigmund
D:5:      layout_gridville, minmay_misc_feat_rows
D:6:      layout_cave_pools, mainiacjoe_overflow_paths,
          nicolae_hepliaklqana_hippocampus, serial_shops, kennysheep_mini,
          minmay_gold_behind_fungi
D:7:      layout_loops_corners, slow_altar_2, minmay_temple_entry_ruins,
          serial_shops, shop, nicolae_shop_statue_plus, shop_scrolls
D:8:      layout_gridville, erik_lair_orcish_takeover,
          minmay_guarded_unrand_finisher, uniq_pikel, uniq_grum, uniq_erica
D:9:      layout_long_grid, mainiacjoe_overflow_small_starburst,
          okawaru_ov_weapons_minmay
D:10:     layout_grid_maze, zin_statuary, amcnicky_altar_gilded,
          mainiacjoe_overflow_tiny_flanked, nicolae_overflow_hidden_temple,
          erik_orc_1, grunt_ministairs_2, minmay_statue_bubble
D:11:     layout_long_grid, uniq_fannar, uniq_sonja
D:12:     layout_basic, hangedman_incinerator, uniq_josephine, uniq_snorg
D:13:     layout_stronghold, uniq_azrael
D:14:     layout_stronghold, david_vaults_3, minmay_misc_feat_five
D:15:     gammafunk_enter_depths_forms, layout_basic, statue_in_the_mist_lemuel,
          lemuel_flame_loot_1, uniq_roxanne
Temple:   compressed_dpeg_circular_temple
Lair:1:   layout_hall_layers, hangedman_lair_unloving_vines,
          serial_bayou_shore_b
Lair:2:   layout_misc_corridors, minmay_shoals_entry_hut,
          minmay_stone_trees_small
Lair:3:   layout_regular_city
Lair:4:   layout_regular_city, spider_nest_entry_rubble,
          chequers_serial_rivers_micro_c, minmay_lair_drake_nest,
          infiniplex_staircase_pool_2
Lair:5:   layout_gridlike, chequers_serial_rivers_room_a, serial_bayou_pond_d,
          infiniplex_staircase_pool
Lair:6:   minmay_lair_end_enchanted_forest, layout_cave_pods,
          nicolae_slime_entry_slimehenge, wad_woods_road_03
Shoals:1: layout_shoals, nicolae_shoals_shepherds
Shoals:2: layout_shoals, ebering_ghost_davey_jones
Shoals:3: layout_shoals, lightli_airlock, uniq_ilsuiw, uniq_kirke
Shoals:4: shoals_end_simple, layout_shoals, shoals_ilsuiw_ice
Spider:1: layout_spider_delve
Spider:2: layout_spider_delve, nicolae_spider_circle_web, uniq_mlioglotl
Spider:3: layout_spider_delve, hangedman_spider_tarantella_strand
Spider:4: grunt_spider_rune_circles, nicolae_spider_bzzzt
Orc:1:    layout_diamond_mine
Orc:2:    st_orc_mages, layout_caves
Vaults:1: vaults_room_fancy_cross, v_misc_30, vaults_room_stairs_pillars,
          vaults_mumra_lcd, grunt_vaults_trifunnel, grunt_vaults_hallway_short,
          v_misc_18, hangedman_vaults_corner_blocks, vaults_standard_mumra_x,
          vaults_dpeg_encased_lava, vaults_room_fours,
          ontoclasm_vaults_ligature, ontoclasm_vaults_spin, v_alt_pattern_1,
          layout_vaults_big_room, serial_shops, shop
Vaults:2: ontoclasm_vaults_shuriken, vaults_mumra_hex,
          hangedman_vaults_capsules, nicolae_vaults_c_with_doors, v_misc_27,
          ontoclasm_vaults_decontamination, v_alt_pattern_2, v_misc_29,
          nicolae_vaults_network_star, hangedman_vaults_impose,
          vaults_room_stairs_pillars, layout_vaults_ring, uniq_boris
Vaults:3: ontoclasm_vaults_ring_square, v_misc_9, hangedman_vaults_stream,
          nicolae_vaults_quartermaster, hangedman_vaults_stretched_pinwheel,
          ontoclasm_vaults_ring_large, minmay_crypt_entry_simple_box, v_misc_16,
          v_misc_17, serial_ice_m, vaults_room_pool,
          hangedman_vaults_corner_blocks,
          vaults_standard_mumra_enter_the_diamond, nicolae_vaults_little_ls,
          layout_vaults_omnicross, serial_shops, nicolae_diamond_shop,
          nicolae_shop_statue_plus, nicolae_square_shop, nicolae_shop_trees
Vaults:4: ontoclasm_vaults_ring_large, nicolae_vaults_sealed_display,
          nicolae_vaults_triangles, vaults_room_door_ring, serial_ice_b,
          ontoclasm_vaults_eye, sword_in_stone, layout_vaults_quadrants,
          uniq_jory
Depths:1: layout_honeycomb, kennysheep_boxes, minmay_room_of_horrors,
          pf_vacation_house_of_asmodeus, st_stairs_9, corexii_corridor_pit,
          grunt_ministairs_13, nicolae_shop_clearance, serial_bayou_shore_b,
          serial_bayou_shore_a, uniq_bai_suzhen

Skill      XL: |  1  2  3  4  5  6  7  8  9 10 11 12 13 14 15 16 17 18 19 20 |
---------------+-------------------------------------------------------------+-----
Maces & Flails | 4 5 6 8 10 12 13 | 13.0
Fighting       | 3 4 5 7 10 11 12 13 14 15 16 | 16.6
Polearms       | 6 10 13 15 16 18 19 20 | 20.0
Armour         | 3 7 9 11 12 13 15 16 17 18 | 18.9
Invocations    | 3 4 5 7 8 10 11 12 13 | 13.1
Throwing       | 3 5 7 10 12 13 14 | 14.3
Stealth        | 1 |  1.3
Translocations | 2 6 9 11 12 | 12.1
Evocations     | 1 |  1.4
Dodging        | |  3.2

Action                   |  1- 3 |  4- 6 |  7- 9 | 10-12 | 13-15 | 16-18 | 19-21 || total
-------------------------+-------+-------+-------+-------+-------+-------+-------++-------
Melee: Flail             |    55 |    87 |    26 |       |       |       |       ||   168
       Headbutt          |    10 |    20 |    35 |    48 |   104 |   153 |   111 ||   481
       Unarmed           |       |     4 |       |       |       |       |       ||     4
       Kick              |       |    15 |    45 |    69 |   180 |   261 |   168 ||   738
       Dire flail        |       |       |    98 |       |       |       |       ||    98
       Glaive            |       |       |    32 |   145 |   338 |   276 |    73 ||   864
       Scythe            |       |       |       |   118 |   400 |   652 |   370 ||  1540
       Halberd           |       |       |       |     8 |    20 |     3 |       ||    31
Throw: Javelin           |     5 |     1 |     1 |     1 |    78 |    90 |    28 ||   204
       Throwing net      |       |     3 |     1 |     3 |       |       |       ||     7
 Cast: Manifold Assault  |       |       |       |       |       |       |     5 ||     5
Invok: Heroism           |       |       |       |     1 |     2 |     8 |     1 ||    12
       Finesse           |       |       |       |       |     7 |     6 |       ||    13
       Duel              |       |       |       |       |     2 |     1 |     1 ||     4
Evoke: Wand              |       |       |       |       |     1 |     2 |       ||     3
  Use: Potion            |       |     2 |       |       |     4 |     7 |       ||    13
       Scroll            |       |       |     6 |     1 |    20 |     6 |     1 ||    34
 Stab: Held in net/web   |       |     2 |       |       |       |     2 |       ||     4
       Distracted        |       |       |     1 |       |    11 |     3 |     3 ||    18
       Petrifying        |       |       |       |       |     2 |       |       ||     2
       Invisible         |       |       |       |       |     2 |       |       ||     2
Armor: Ring mail         |    26 |    10 |       |       |       |       |       ||    36
       Leather armour    |     1 |       |       |       |       |       |       ||     1
       Skin              |       |     1 |       |       |       |       |       ||     1
       Plate armour      |       |    13 |    50 |    74 |   234 |       |       ||   371
       Crystal plate arm |       |       |       |       |    54 |   520 |       ||   574
       Gold dragon scale |       |       |       |       |       |    46 |   198 ||   244
Dodge: Dodged            |    40 |    51 |    39 |    67 |   195 |   289 |   106 ||   787

Table legend: (Time is in decaauts)
 A = Elapsed time spent in this place.
 B = Non-inter-level travel time spent in this place.
 C = Inter-level travel time spent in this place.
 D = Time resting spent in this place.
 E = Time spent auto-exploring this place.
 F = Levels seen in this place.
 G = Mean time per level.
                   A        B        C        D        E       F      G
               +--------+--------+--------+--------+--------+-----+--------+
         Total |  49643 |  46503 |   3140 |   6591 |  33481 |  41 | 1210.8 |
       Dungeon |  18350 |  16514 |   1836 |   1856 |  12594 |  15 | 1223.3 |
        Temple |     87 |     77 |     10 |      0 |     68 |   1 |   87.0 |
          Lair |   8592 |   7960 |    632 |   1023 |   6077 |   6 | 1432.0 |
        Shoals |   7475 |   7229 |    246 |   1128 |   4955 |   4 | 1868.8 |
   Spider Nest |   5624 |   5450 |    174 |   1164 |   3413 |   4 | 1406.0 |
  Orcish Mines |   2355 |   2228 |    127 |     97 |   1644 |   2 | 1177.5 |
        Vaults |   7065 |   6954 |    111 |   1299 |   4728 |   4 | 1766.2 |
        Depths |      2 |      2 |      0 |      0 |      0 |   1 |    2.0 |
         Arena |     89 |     89 |      0 |     23 |      0 |   4 |   22.2 |
               +--------+--------+--------+--------+--------+-----+--------+

Top non-repeatable levels by time:
Vaults:3: 2756 daAuts
Vaults:2: 2429 daAuts
Shoals:4: 2384 daAuts
Shoals:2: 2184 daAuts
Spider:4: 2107 daAuts
  Lair:6: 2078 daAuts
  Lair:4: 1876 daAuts
    D:15: 1835 daAuts
    D:13: 1788 daAuts
     D:1: 1743 daAuts
Shoals:3: 1673 daAuts
    D:10: 1581 daAuts
Vaults:1: 1489 daAuts
Spider:1: 1447 daAuts
  Lair:3: 1394 daAuts
